[Event "Team 45 45 League T33"]
[Site "Internet Chess Club"]
[Date "2007.05.12"]
[Round "4"]
[White "cascarillo"]
[Black "NoiselessBear"]
[Result "1-0"]
[WhiteElo "2074"]
[BlackElo "1784"]
[ECO "B07"]
[TimeControl "2700+45"]

1. e4 d6 2. d4 g6 3. Nc3 Bg7 4. Be3 c6 5. Qd2 Nd7 6. f4 b5 7. a3 a6 8. e5 Bb7 9.
Nf3 Qc7 10. Bd3 c5 11. exd6 Qxd6 12. Ne4 Bxe4 13. Bxe4 Rc8 14. Ne5 cxd4 15. Qxd4
Nxe5 16. Qxd6 exd6 17. fxe5 Bxe5 18. c3 Rc7 19. O-O f5 20. Bb6 Re7 21. Bc6+ Kf8
22. a4 b4 23. cxb4 Bxb2 24. Rab1 Be5 25. Bd5 Nf6 26. Bc4 Kg7 27. Bxa6 Ne4 28.
Rbc1 Rb8 29. a5 Rxb6 30. axb6 Bd4+ 31. Kh1 Nf2+ 32. Rxf2 Bxf2 33. b7 Ba7 34. g3
Kf8 35. Kg2 Bb8 36. Rc8+ Re8 37. Bb5 {Black resigns} 1-0

[Event "Team 45 45 League T33"]
[Site "Internet Chess Club"]
[Date "2007.05.16"]
[Round "4"]
[White "room-matt"]
[Black "Amauta"]
[Result "0-1"]
[WhiteElo "1855"]
[BlackElo "1964"]
[ECO "C23"]
[TimeControl "2700+45"]

1. e4 e5 2. Bc4 Bc5 3. Nc3 Nf6 4. d3 h6 5. f4 Nc6 6. Nf3 d6 7. Na4 Bb4+ 8. c3
Ba5 9. b4 Bb6 10. Nxb6 axb6 11. f5 O-O 12. O-O Qe7 13. Re1 Bd7 14. Nh4 Kh7 15.
Bb3 Rfc8 16. g4 Nxe4 17. Rxe4 Qxh4 18. Bxf7 Ne7 19. Qe2 Bc6 20. Re3 Rf8 21. Be6
Bd5 22. Rg3 Bxe6 23. fxe6 Qf6 24. Qe4+ Kh8 25. Qg2 c6 26. g5 Qxe6 27. gxh6 g6
28. Bg5 Nf5 29. Rh3 Kh7 30. c4 Nd4 31. Re3 Ra3 32. b5 Qf7 33. bxc6 bxc6 34. Rb1
b5 35. cxb5 Rxa2 36. Qh3 cxb5 37. Rf1 Qxf1+ 38. Qxf1 Rxf1+ 39. Kxf1 Rxh2 40. Kg1
Ra2 41. Rh3 b4 42. Be3 Nf5 43. Bb6 b3 {White resigns} 0-1

[Event "Team 45 45 League T33"]
[Site "Internet Chess Club"]
[Date "2007.05.13"]
[Round "4"]
[White "makito"]
[Black "burnsja2003"]
[Result "0-1"]
[WhiteElo "1746"]
[BlackElo "1695"]
[ECO "D35"]
[TimeControl "2700+45"]

1. d4 d5 2. c4 e6 3. Nc3 Nf6 4. e3 Be7 5. Nf3 O-O 6. Bd3 b6 7. O-O Bb7 8. cxd5
Nxd5 9. a3 Nxc3 10. bxc3 c5 11. Qe2 Nd7 12. e4 cxd4 13. cxd4 Nf6 14. Bb2 Nh5 15.
Qe3 Nf6 16. Rac1 a5 17. Rfe1 Ba6 18. Bxa6 Rxa6 19. Rc6 Ra8 20. Rec1 h6 21. Nd2
Bd6 22. Qb3 Bf4 23. R1c2 Bxd2 24. Rxd2 Nxe4 25. Re2 Nf6 26. Rxb6 Rb8 27. Rb5
Rxb5 28. Qxb5 Qa8 29. h3 Rb8 30. Qe5 Rd8 31. Rc2 Nd5 32. Rc5 Qb7 33. Bc1 Rc8 34.
Qg3 Kh7 35. Qd3+ f5 36. Bd2 Rxc5 37. dxc5 a4 38. Qd4 Qb3 39. Bc1 Qc3 40. Qxc3
Nxc3 41. Kf1 h5 42. Ke1 Nb5 43. Bb2 g6 44. Kd2 Kg8 45. Kd3 Kf7 46. Kc4 Na7 47.
Kb4 Ke7 48. Kxa4 Kd7 49. Kb4 Kc6 50. Kc4 Kd7 51. a4 Nc6 52. Bc3 Kc7 53. f4 Kb7
54. Kb5 Na7+ 55. Kc4 Nc6 56. a5 Ka6 57. g3 Kb7 58. Kd3 Ka6 59. Ke3 Kb5 60. Kd3
Kxc5 61. a6 Kb5 62. Bd4 Kxa6 63. Kc4 Kb7 64. Kc5 Kc7 65. Bf6 Kd7 66. Bc3 Ne7 67.
Bd2 Nc8 68. Kd4 Ke7 69. Ke5 Kf7 70. Be3 Ne7 71. Kd6 Nd5 72. Bd4 Nb4 73. Kd7 Nd3
74. Kd8 Ne1 75. Kd7 Nf3 76. Be3 Ne1 77. Kd6 Nd3 78. Kd7 Nb4 79. Kd6 Nd5 80. Bd2
Nf6 81. Be1 Ne4+ 82. Kd7 g5 83. h4 gxf4 84. gxf4 Nf6+ 85. Kd6 Nd5 86. Bd2 Nf6
87. Be1 Ng4 88. Bd2 Nh2 89. Be3 Nf3 90. Bf2 Nd2 91. Kd7 Ne4 92. Be1 Kf6 93. Bb4
Kf7 94. Be1 Nc5+ 95. Kd6 Nd3 96. Bd2 Nb2 97. Kd7 Nc4 98. Bc1 e5 99. fxe5 Nxe5+
100. Kd6 Nf3 101. Ba3 Nxh4 102. Ke5 Kg6 103. Kf4 Ng2+ 104. Kf3 Ne1+ 105. Ke2 Nc2
106. Bc5 Na1 107. Kd3 Nb3 108. Bb6 Kg5 109. Kc2 h4 110. Kxb3 h3 111. Bc7 f4 112.
Kc2 h2 {White resigns} 0-1

[Event "Team 45 45 League T33"]
[Site "Internet Chess Club"]
[Date "2007.05.14"]
[Round "4"]
[White "RingLord"]
[Black "Mutaant"]
[Result "1-0"]
[WhiteElo "1566"]
[BlackElo "1457"]
[ECO "C25"]
[TimeControl "2700+45"]

1. e4 e5 2. Nc3 Bc5 3. f4 Qf6 4. Nf3 exf4 5. d4 Bb4 6. e5 Qc6 7. Qd3 Ne7 8. Bxf4
Nd5 9. Bd2 Nxc3 10. Bxc3 Bxc3+ 11. Qxc3 Qxc3+ 12. bxc3 Nc6 13. Bc4 h6 14. Rf1
O-O 15. a4 b6 16. Nh4 Na5 17. Ba2 Ba6 18. Rf3 Bc4 19. Bb1 Rae8 20. Nf5 d6 21.
Ne3 dxe5 22. Nxc4 Nxc4 23. dxe5 Rxe5+ 24. Kf2 Rfe8 25. Ba2 Re4 26. Rf1 Nd6 27.
Kg3 R8e7 28. Bb3 Re3 29. Rxe3 Rxe3+ 30. Rf3 Rxf3+ 31. Kxf3 Kh7 32. Kf4 Kg6 33.
Ke5 Nf5 34. Bxf7+ Kxf7 35. Kxf5 c6 36. c4 g6+ 37. Ke5 Ke7 38. g4 a6 39. c5 b5
40. a5 h5 41. h3 b4 42. gxh5 gxh5 43. h4 Kd7 44. Kf6 Ke8 45. Ke6 Kd8 46. Kd6 Ke8
47. Kxc6 Ke7 48. Kb7 Kd7 49. c6+ Kd8 50. c7+ {Black resigns} 1-0

[Event "Team 45 45 League T33"]
[Site "Internet Chess Club"]
[Date "2007.05.14"]
[Round "4"]
[White "Bombo"]
[Black "StrayLite"]
[Result "1/2-1/2"]
[WhiteElo "1814"]
[BlackElo "1937"]
[ECO "A30"]
[TimeControl "2700+45"]

1. Nf3 c5 2. c4 g6 3. g3 Bg7 4. Bg2 Nc6 5. O-O d6 6. Nc3 e5 7. h3 Nge7 8. e3 f5
9. d3 O-O 10. Rb1 h6 11. Qd2 Be6 12. a3 a5 13. b3 d5 14. cxd5 Nxd5 15. Nxd5 Bxd5
16. Qc2 Qd6 17. Bb2 Rac8 18. Rbd1 Qe6 19. Nd2 Bxg2 20. Kxg2 b6 21. Qc4 Kf7 22.
Rfe1 Rfd8 23. Qxe6+ Kxe6 24. d4 cxd4 25. exd4 Nxd4 26. Nc4 Nxb3 27. Rxd8 Rxd8
28. Bxe5 Bxe5 29. Rxe5+ Kf6 30. Rb5 a4 31. Nxb6 Rd3 32. Nxa4 Nd2 33. Rb6+ Kf7
34. Rb7+ Kf6 35. Rb6+ Kf7 36. Rb7+ Kf6 37. Rb6+ {Game drawn by repetition}
1/2-1/2

[Event "Team 45 45 League T33"]
[Site "Internet Chess Club"]
[Date "2007.05.10"]
[Round "4"]
[White "siddhu"]
[Black "McKnights"]
[Result "1-0"]
[WhiteElo "1850"]
[BlackElo "1848"]
[ECO "B22"]
[TimeControl "2700+45"]

1. e4 c5 2. c3 d5 3. exd5 Qxd5 4. d4 cxd4 5. Qxd4 Qxd4 6. cxd4 e6 7. Nc3 Nc6 8.
Bb5 Bd7 9. Nf3 Bb4 10. Bd2 Nge7 11. a3 Ba5 12. Ne4 Bxd2+ 13. Kxd2 O-O 14. Nc5
Bc8 15. Ke3 Rd8 16. Rhd1 Nf5+ 17. Kf4 Nce7 18. Bc4 b6 19. Ne4 Ng6+ 20. Kg4 Nh6+
21. Kg3 Bb7 22. Neg5 Nf5+ 23. Kg4 Bxf3+ 24. Nxf3 Nd6 25. Ba2 f5+ 26. Kh3 Nf4+
27. Kg3 Nd5 28. Ng5 Ne4+ 29. Nxe4 fxe4 30. Re1 Kf7 31. Rxe4 Rd6 32. Bxd5 Rxd5
33. Rc1 Rd7 34. Kf3 Rad8 35. Ke3 e5 36. Rd1 exd4+ 37. Rexd4 Re7+ 38. Kf3 Rxd4
39. Rxd4 Rc7 40. Ke3 Ke6 41. Kd3 Rf7 42. f3 h6 43. Rc4 Rd7+ 44. Ke3 Rf7 45. Ke4
Kd6 46. Rc2 g6 47. f4 Re7+ 48. Kf3 Kd5 49. g4 Rf7 50. h4 a5 51. b4 axb4 52. axb4
Re7 53. Rd2+ Kc6 54. Re2 Rd7 55. Re6+ Kb5 56. Rxg6 Rd3+ 57. Ke4 Rb3 58. Rxh6
Rxb4+ 59. Kf5 Kc5 60. g5 Rd4 61. g6 Rd8 62. g7 Rd5+ 63. Kg4 Rd1 64. Rg6 Rd8
{Black resigns} 1-0

[Event "Team 45 45 League T33"]
[Site "Internet Chess Club"]
[Date "2007.05.10"]
[Round "4"]
[White "SATELLITE-DAN"]
[Black "michaelus"]
[Result "1-0"]
[WhiteElo "1699"]
[BlackElo "1725"]
[ECO "B33"]
[TimeControl "2700+45"]

1. e4 c5 2. Nf3 Nc6 3. d4 cxd4 4. Nxd4 Nf6 5. Nc3 e5 6. Nb3 Bb4 7. f3 O-O 8. Bd2
d5 9. exd5 Nxd5 10. Nxd5 Qxd5 11. Bd3 f5 12. Qe2 Qf7 13. O-O Bxd2 14. Nxd2 Re8
15. c3 Be6 16. Nc4 Qf6 17. Nd6 Re7 18. Qc2 g6 19. Qe2 Rd8 20. Nc4 Kg7 21. Rae1
Bg8 22. Qc2 Red7 23. Rd1 b5 24. Ne3 b4 25. Bb5 Rxd1 26. Rxd1 Rxd1+ 27. Qxd1 Bf7
28. Qd7 bxc3 29. bxc3 Qg5 30. Nd1 Na5 31. Qxa7 Qc1 32. Qd7 Qa1 33. a4 Nb3 34.
Bc4 {Black resigns} 1-0

[Event "Team 45 45 League T33"]
[Site "Internet Chess Club"]
[Date "2007.05.13"]
[Round "4"]
[White "Zornorph"]
[Black "DocHoliday"]
[Result "1-0"]
[WhiteElo "1953"]
[BlackElo "1908"]
[ECO "A39"]
[TimeControl "2700+45"]

1. c4 c5 2. g3 Nc6 3. Nc3 g6 4. Bg2 Bg7 5. Nf3 Nf6 6. O-O O-O 7. d4 cxd4 8. Nxd4
Qb6 9. Nc2 d6 10. b3 Bd7 11. Bb2 Ne5 12. Qd2 Bc6 13. Nd5 Bxd5 14. cxd5 Nc4 15.
bxc4 Qxb2 16. Rfb1 Qe5 17. Rxb7 Rfb8 18. Rab1 Rxb7 19. Rxb7 Ng4 20. e3 Qf6 21.
Nd4 Ne5 22. Bf1 Rc8 23. Rxa7 Nxc4 24. Qc2 Nb6 25. Qb3 {Black resigns} 1-0

[Event "Team 45 45 League T33"]
[Site "Internet Chess Club"]
[Date "2007.05.15"]
[Round "4"]
[White "markgravitygood"]
[Black "kabindra"]
[Result "1-0"]
[WhiteElo "1811"]
[BlackElo "1853"]
[ECO "C90"]
[TimeControl "2700+45"]

1. e4 e5 2. Nf3 Nc6 3. Bb5 a6 4. Ba4 Nf6 5. O-O b5 6. Bb3 Be7 7. Re1 d6 8. h3
Na5 9. c3 Nxb3 10. axb3 O-O 11. d4 c5 12. d5 Bd7 13. Nbd2 Qc7 14. Nf1 c4 15. Ng3
a5 16. Bd2 Rfc8 17. Ra3 Qb7 18. Qa1 Bd8 19. b4 a4 20. Qc1 Bb6 21. Be3 Bd8 22.
Nh2 Be7 23. f4 exf4 24. Bxf4 Re8 25. Nf3 h6 26. Nd4 Bf8 27. Ra1 Rac8 28. Qc2 Rb8
29. Qf2 Re7 30. Bxd6 Nxe4 31. Nxe4 Rxe4 32. Bxb8 Rxe1+ 33. Rxe1 Qxb8 34. Rf1 Be8
35. Nf5 g6 36. Ne3 h5 37. Qf4 Qxf4 38. Rxf4 Bh6 39. Re4 Kf8 40. Kf2 Bd7 41. g4
Bg5 42. gxh5 f5 43. Rd4 Bf6 44. Rd1 gxh5 45. d6 f4 46. Nd5 Bg5 47. Rd4 Bxh3 48.
Nxf4 Bh4+ 49. Kf3 Bg4+ 50. Ke4 Bd8 51. Rd5 h4 52. Rxb5 h3 53. Rb7 Kg8 54. Nxh3
Kf8 55. Nf2 Be6 56. Ke5 Bf7 57. Ne4 Kg7 58. Rb8 {Black resigns} 1-0

[Event "Team 45 45 League T33"]
[Site "Internet Chess Club"]
[Date "2007.05.11"]
[Round "4"]
[White "jaybird"]
[Black "GrandPoobah069"]
[Result "1-0"]
[WhiteElo "1736"]
[BlackElo "1649"]
[ECO "A26"]
[TimeControl "2700+45"]

1. c4 e5 2. Nc3 Nc6 3. g3 g6 4. Bg2 Bg7 5. d3 d6 6. e4 f5 7. f4 Nf6 8. Nge2 O-O
9. O-O Rb8 10. a3 Ne7 11. h3 c6 12. Be3 b6 13. Qd2 Be6 14. Rad1 Qd7 15. Kh2 Rbd8
16. b4 Ne8 17. fxe5 dxe5 18. Bh6 Nd6 19. Bxg7 Kxg7 20. Qe3 Qc7 21. exf5 Ndxf5
22. Qe4 Bc8 23. g4 Nh6 24. Rxf8 Rxf8 25. Ng3 Rf4 26. Qe2 Nxg4+ 27. hxg4 Bxg4 28.
Qe1 Bxd1 29. Qxd1 Nf5 30. Nxf5+ Rxf5 31. Ne4 Rh5+ 32. Kg1 Qd7 33. Qf3 Rf5 34.
Qg3 Qd4+ 35. Kh2 Rh5+ 36. Bh3 h6 37. Qf2 Qd8 38. Qg3 Qe7 39. Qf2 Qe6 40. Qf3 Qf5
41. Qxf5 gxf5 42. Ng3 Rg5 43. Nxf5+ Kh7 44. Ne7 c5 45. Bf5+ Kg7 46. Be4 Kf6 47.
Nd5+ Ke6 48. Nc7+ Kd7 49. Nd5 Rg7 50. b5 Ke6 51. a4 Rd7 52. Ne3 Rg7 53. Nf5 Rd7
54. Nxh6 Rg7 55. Nf5 Rd7 56. Kg3 a6 57. Ne3 Rg7+ 58. Kf2 Rf7+ 59. Ke2 Rf8 60.
bxa6 Kd6 61. a7 Kc7 62. a8=Q Rxa8 63. Bxa8 Kd6 64. Nf5+ Ke6 65. Be4 Kd7 66. Kd2
Ke6 67. Kc3 Kd7 68. Kb3 Kc7 69. Kc2 Kd7 70. Kd2 Ke6 71. Ke2 Kd7 72. Kf3 Ke6 73.
Kg4 Kd7 74. Kg5 Ke6 75. Kg6 Kd7 76. Kf6 Kd8 77. Kxe5 Kc7 78. Nd6 Kb8 79. Nb5 Kc8
80. Kd6 Kb8 81. Kc6 {Black resigns} 1-0

[Event "Team 45 45 League T33"]
[Site "Internet Chess Club"]
[Date "2007.05.11"]
[Round "4"]
[White "charles-allen"]
[Black "tammany"]
[Result "0-1"]
[WhiteElo "1665"]
[BlackElo "1680"]
[ECO "B21"]
[TimeControl "2700+45"]

1. e4 c5 2. d4 cxd4 3. c3 Nf6 4. e5 Nd5 5. Qxd4 e6 6. Nf3 Nc6 7. Qg4 Qc7 8. Qg3
d6 9. Bb5 Bd7 10. O-O Nxe5 11. Bxd7+ Nxd7 12. Na3 a6 13. Re1 N5f6 14. Be3 Rc8
15. c4 g6 16. Rad1 Nh5 17. Qh4 Be7 18. Bg5 Bxg5 19. Nxg5 Ne5 20. Ne4 Rd8 21. c5
dxc5 22. Rxd8+ Qxd8 23. Qxd8+ Kxd8 24. Nxc5 Nc6 25. Nxb7+ Ke7 26. Nc4 Rb8 27.
Nc5 a5 28. a4 Nf6 29. b3 Nd7 30. Nxd7 Kxd7 31. Rd1+ Ke7 32. Rb1 e5 33. Kf1 e4
34. Ke2 Rxb3 35. Rxb3 Nd4+ 36. Ke3 Nxb3 37. Kxe4 Nc5+ 38. Kd4 Nxa4 39. Nxa5 Nb2
40. Nc4 Nxc4 41. Kxc4 Ke6 42. Kd4 Kf5 43. Kd5 h5 44. h3 g5 45. Kd4 Kf4 46. Kd3
h4 47. Ke2 f5 48. Kd3 g4 49. Ke2 gxh3 50. gxh3 Ke4 51. f3+ Kd4 52. Kd2 f4 53.
Ke2 Kc3 54. Kf1 Kd3 55. Kg2 Ke2 56. Kg1 Kxf3 57. Kh2 Ke2 58. Kg1 f3 59. Kh1 f2
60. Kh2 Ke1 {White resigns} 0-1

[Event "Team 45 45 League T33"]
[Site "Internet Chess Club"]
[Date "2007.05.15"]
[Round "4"]
[White "Milo"]
[Black "NFork"]
[Result "1-0"]
[WhiteElo "2494"]
[BlackElo "2241"]
[ECO "C77"]
[TimeControl "2700+45"]

1. e4 e5 2. Nf3 Nc6 3. Bb5 a6 4. Ba4 Nf6 5. d3 d6 6. c3 Be7 7. O-O O-O 8. Re1 b5
9. Bb3 Na5 10. Bc2 c5 11. Nbd2 Qc7 12. Nf1 Re8 13. Ne3 Bf8 14. Bd2 Bb7 15. b4
Nc6 16. Bb3 Nd8 17. a4 Ne6 18. Nd5 Nxd5 19. Bxd5 cxb4 20. cxb4 Qd7 21. axb5 axb5
22. Rxa8 Rxa8 23. Qb3 Be7 24. Rc1 Bd8 25. Be3 Rc8 26. Ra1 Bxd5 27. Qxd5 Kf8 28.
Nxe5 Qc7 29. Nf3 Bf6 30. d4 Qc4 31. Qxd6+ Be7 32. Qd7 Bxb4 33. Ne5 Qc7 34. d5
Nd8 35. Qxc7 Rxc7 36. Ra8 Ke7 37. Rxd8 Kxd8 38. Bb6 Bc5 39. Nc6+ {Black resigns}
1-0

[Event "Team 45 45 League T33"]
[Site "Internet Chess Club"]
[Date "2007.05.14"]
[Round "4"]
[White "JustinSane"]
[Black "jpitt"]
[Result "1/2-1/2"]
[WhiteElo "2219"]
[BlackElo "2311"]
[ECO "A45"]
[TimeControl "2700+45"]

1. d4 Nf6 2. Bf4 g6 3. e3 Bg7 4. Be2 d6 5. Nf3 O-O 6. h3 Nbd7 7. O-O Qe8 8. c4
e5 9. Bh2 Qe7 10. Nc3 c6 11. c5 dxc5 12. dxe5 Ne8 13. Qd2 Nxe5 14. Nxe5 Bxe5 15.
Bxe5 Qxe5 16. Rad1 Be6 {Game drawn by mutual agreement} 1/2-1/2

[Event "Team 45 45 League T33"]
[Site "Internet Chess Club"]
[Date "2007.05.13"]
[Round "4"]
[White "Zebbile"]
[Black "The7thGuest"]
[Result "0-1"]
[WhiteElo "2075"]
[BlackElo "2139"]
[ECO "C01"]
[TimeControl "2700+45"]

1. d4 e6 2. e4 d5 3. exd5 Qxd5 4. Nf3 Nf6 5. Bd3 c5 6. Nc3 Qd8 7. O-O Nc6 8. Bb5
cxd4 9. Nxd4 Bd7 10. Nxc6 bxc6 11. Bc4 Be7 12. Bg5 O-O 13. Qf3 Nd5 14. Bxe7 Qxe7
15. a3 Qf6 16. Qxf6 gxf6 17. Ne4 Kg7 18. Rfd1 Rab8 19. b3 Rfd8 20. Rd2 f5 21.
Nc5 Kf6 22. Rad1 Ke7 23. Ba6 Be8 24. Rd3 Nf4 25. Rxd8 Rxd8 26. Rxd8 Kxd8 27. g3
Nd5 28. Kf1 Kc7 29. Ke2 Kb6 30. b4 Nc3+ 31. Kd3 Ne4 32. Bc4 Nxc5+ 33. bxc5+ Kxc5
34. f4 Bd7 35. Bb3 f6 36. Ke3 e5 37. Bf7 Kd6 38. Bc4 Be6 39. Bd3 h6 40. c3 Kc5
41. Ba6 Kb6 42. Bd3 e4 43. Be2 Ka5 44. Kd4 Ka4 45. Kc5 Kxa3 46. Kxc6 Kb3 47. Kd6
Bc4 48. Bh5 e3 49. Ke7 e2 50. Bxe2 Bxe2 51. Kxf6 Bg4 52. Kg6 a5 53. Kxh6 a4 54.
h4 a3 55. h5 a2 56. Kg5 Bxh5 57. Kxh5 a1=Q 58. Kg5 Qb1 59. g4 fxg4 60. Kxg4 Qg6+
{White resigns} 0-1

[Event "Team 45 45 League T33"]
[Site "Internet Chess Club"]
[Date "2007.05.15"]
[Round "4"]
[White "Gil-galad"]
[Black "mint-tea"]
[Result "0-1"]
[WhiteElo "2047"]
[BlackElo "1854"]
[ECO "E97"]
[TimeControl "2700+45"]

1. d4 Nf6 2. c4 g6 3. Nc3 Bg7 4. e4 d6 5. Be2 O-O 6. Nf3 e5 7. O-O Nc6 8. d5 Ne7
9. b4 c6 10. dxc6 bxc6 11. Bg5 Be6 12. Qd2 Qc7 13. Rac1 Rad8 14. Bxf6 Bxf6 15.
Nd5 Bxd5 16. cxd5 Qb6 17. dxc6 Nxc6 18. b5 Ne7 19. Bc4 Qb7 20. Qe2 Rfe8 21. Rfd1
Kg7 22. g4 h6 23. h4 Qd7 24. Ne1 Bxh4 25. Ng2 Bg5 26. f4 exf4 27. e5 d5 28. Qf3
Qc7 29. Bxd5 Qxe5 30. Rc5 Rd6 31. Kh2 Red8 32. Re1 Qf6 33. Bb3 Rd3 34. Qe4 f3
{White resigns} 0-1

[Event "Team 45 45 League T33"]
[Site "Internet Chess Club"]
[Date "2007.05.11"]
[Round "4"]
[White "VentasD"]
[Black "Allessia"]
[Result "1/2-1/2"]
[WhiteElo "2218"]
[BlackElo "2265"]
[ECO "A46"]
[TimeControl "2700+45"]

1. d4 Nf6 2. Nf3 e6 3. g3 d5 4. Bg2 c5 5. c3 cxd4 6. cxd4 Qb6 7. O-O Be7 8. b3
Nc6 9. Bb2 Bd7 10. Ne5 O-O 11. Nxd7 Nxd7 12. e3 Rfc8 13. Nc3 Nf6 14. Qe2 Rc7 15.
Rfc1 Rac8 16. Qb5 Qxb5 17. Nxb5 Rd7 18. Rc2 a6 19. Na3 Bd6 20. Rac1 Rcd8 21. Ra1
Nb4 22. Rc3 Ne4 23. Bxe4 dxe4 24. Nc4 Bc7 25. Ba3 Nd5 26. Rc2 b5 27. Nd2 f5 28.
Rac1 e5 29. Bc5 Kf7 30. a3 Ke6 31. Nb1 Bd6 32. Bxd6 Rxd6 33. dxe5 Kxe5 34. Rc5
Ke6 35. Nc3 Nxc3 36. R5xc3 Rd3 37. Kf1 a5 38. Rxd3 Rxd3 39. Rc6+ Kd5 40. Ra6
Rxb3 41. Rxa5 Kc4 42. h4 g6 43. Ra7 h5 44. Rc7+ Kd5 45. Ra7 Rc3 46. Kg2 Rc6 47.
Kf1 Kc4 48. Ra5 Rd6 49. Ke2 Rd3 50. Ra6 Rc3 51. Ra5 Rc1 52. Ra6 Ra1 53. Rc6+ Kb3
54. Rb6 Ra2+ 55. Kf1 Kc4 56. Rc6+ Kd5 57. Rb6 Ra1+ 58. Ke2 Rxa3 59. Rxb5+ Kc6
60. Rb8 Ra2+ 61. Kf1 Ra6 62. Rg8 Kd5 63. Rg7 {Game drawn by mutual agreement}
1/2-1/2

[Event "Team 45 45 League T33"]
[Site "Internet Chess Club"]
[Date "2007.05.11"]
[Round "4"]
[White "kostasgr"]
[Black "gorgon"]
[Result "1-0"]
[WhiteElo "2142"]
[BlackElo "2146"]
[ECO "B90"]
[TimeControl "2700+45"]

1. e4 c5 2. Nf3 d6 3. d4 cxd4 4. Nxd4 Nf6 5. Nc3 a6 6. f3 e5 7. Nb3 Be6 8. Be3
Be7 9. Qd2 O-O 10. O-O-O Nbd7 11. g4 b5 12. g5 b4 13. Ne2 Ne8 14. f4 a5 15. f5
a4 16. Nbd4 exd4 17. Nxd4 b3 18. Kb1 bxc2+ 19. Nxc2 Bxa2+ 20. Kxa2 Ne5 21. Qg2
Qb8 22. Nd4 Nc6 23. Bc4 Nb4+ 24. Kb1 a3 25. b3 d5 26. exd5 Nd6 27. Bf4 Rc8 28.
f6 Bf8 29. Nc6 a2+ 30. Ka1 Nxc6 31. dxc6 Qb4 32. Bxd6 Bxd6 33. Rhe1 Qa5 34. Qb2
Ba3 35. Qe5 Qxe5+ 36. Rxe5 Bb4 37. Rd3 Rxc6 38. Rb5 Be1 39. Rb7 gxf6 40. Bxf7+
Kf8 41. Bc4 Bh4 42. Rxh7 {Black resigns} 1-0

[Event "Team 45 45 League T33"]
[Site "Internet Chess Club"]
[Date "2007.05.10"]
[Round "4"]
[White "Ozgur-Bjk"]
[Black "Amauta"]
[Result "0-1"]
[WhiteElo "2136"]
[BlackElo "1952"]
[ECO "A40"]
[TimeControl "2700+45"]

1. d4 g6 2. Nf3 Bg7 3. c4 d6 4. Nc3 Bg4 5. e3 Nf6 6. Be2 O-O 7. O-O c5 8. b3 Nc6
9. Bb2 cxd4 10. Nxd4 Bxe2 11. Ndxe2 Rc8 12. Qd2 Qa5 13. Rfd1 Qg5 14. Ng3 Qh4 15.
Rac1 Rfd8 16. Nd5 Ng4 17. h3 Bxb2 18. Qxb2 Nge5 19. Qc2 e6 20. Nc3 a6 21. Qe4
Qe7 22. Rd2 f5 23. Qb1 Rd7 24. Rcd1 Nd8 25. Nge2 Ndf7 26. Na4 Rdc7 27. Nd4 Nc6
28. Nb2 e5 29. Ne2 e4 30. Nf4 Nce5 31. Nd5 Qg5 32. Kh1 Rc6 33. Nb4 R6c7 34. Qa1
Qh4 35. Na4 Nf3 36. Nd5 N7g5 37. Nf4 Nxd2 38. Rxd2 Rc6 39. c5 dxc5 40. Rd7 Nf7
41. Nd5 Re8 42. Kh2 b5 43. g3 Qh6 44. Nac3 Ne5 45. Ne7+ Kf8 46. Nxc6 Nxd7 47.
Nd5 Qg7 48. Qc1 Qf7 49. Qd2 Qe6 50. Na5 Ne5 51. Kg2 Rd8 52. Nf4 Rxd2 53. Nxe6+
Ke7 54. Nxc5 Rxa2 {White resigns} 0-1

[Event "Team 45 45 League T33"]
[Site "Internet Chess Club"]
[Date "2007.05.12"]
[Round "4"]
[White "Guinness"]
[Black "rindetecallaham"]
[Result "1/2-1/2"]
[WhiteElo "2306"]
[BlackElo "2294"]
[ECO "A03"]
[TimeControl "2700+45"]

1. f4 d5 2. Nf3 g6 3. e3 Bg4 4. Be2 c6 5. O-O Bg7 6. d3 Nf6 7. Ne5 Bxe2 8. Qxe2
O-O 9. Nd2 Nfd7 10. Ndf3 Nxe5 11. fxe5 Nd7 12. d4 Qb6 13. b3 Rfe8 14. Bb2 f6 15.
c4 fxe5 16. cxd5 cxd5 17. dxe5 e6 18. Rac1 Bh6 19. Bd4 Qa5 20. Rc2 Rec8 21. e4
Nb6 22. Ne1 Qb4 23. Qd3 Rf8 24. Rcf2 Rxf2 25. Bxf2 Bg7 26. Bd4 Rc8 27. exd5 Nxd5
28. Nf3 Rf8 29. a3 Qe7 30. b4 b6 {Game drawn by mutual agreement} 1/2-1/2

[Event "Team 45 45 League T33"]
[Site "Internet Chess Club"]
[Date "2007.05.15"]
[Round "4"]
[White "AMAV"]
[Black "kingcapture"]
[Result "0-1"]
[WhiteElo "2046"]
[BlackElo "2258"]
[ECO "A46"]
[TimeControl "2700+45"]

1. d4 Nf6 2. Nf3 c5 3. e3 cxd4 4. exd4 d5 5. Bd3 Bg4 6. O-O e6 7. c3 Bd6 8. Nbd2
O-O 9. Re1 Nc6 10. Nf1 Qc7 11. Bg5 Nd7 12. Bh4 h6 13. h3 Bf5 14. Bxf5 exf5 15.
Ne3 g5 16. Bxg5 hxg5 17. Nxg5 Nf6 18. Nxf5 Bh2+ 19. Kh1 Qf4 20. Nh6+ Kh8 21.
Nhxf7+ Rxf7 22. Nxf7+ Kg7 23. Ne5 Nxe5 24. dxe5 Ne4 25. Rxe4 dxe4 26. g3 Qxf2
27. Qg4+ Kf8 28. Rd1 Bxg3 {White resigns} 0-1

[Event "Team 45 45 League T33"]
[Site "Internet Chess Club"]
[Date "2007.05.11"]
[Round "4"]
[White "onslaught"]
[Black "Gregorio"]
[Result "1/2-1/2"]
[WhiteElo "2220"]
[BlackElo "2125"]
[ECO "E30"]
[TimeControl "2700+45"]

1. d4 Nf6 2. c4 e6 3. Nc3 Bb4 4. Bg5 d5 5. cxd5 exd5 6. Qc2 O-O 7. a3 Bxc3+ 8.
Qxc3 c6 9. f3 Ne4 10. Bxd8 Nxc3 11. Bh4 Nb5 12. e3 Re8 13. Kf2 Nd6 14. g4 b5 15.
b3 Nd7 16. Bg3 Nb7 17. Rc1 Na5 18. Rc3 Nb6 19. Bd3 Bd7 20. Ne2 Nb7 21. h3 Rec8
22. Rhc1 a5 23. e4 a4 24. Nf4 axb3 25. Rxb3 Na5 26. Rbb1 Nac4 27. Bxc4 Nxc4 28.
exd5 Rxa3 29. dxc6 Bxc6 30. d5 Bd7 31. Rc2 Re8 32. Ne2 Rd3 33. d6 Nxd6 34. Nf4
Rd4 35. Ne2 Rd5 36. Nf4 Rd4 37. Ne2 Rd3 38. Nf4 Rd4 39. Ne2 {Game drawn by
repetition} 1/2-1/2

[Event "Team 45 45 League T33"]
[Site "Internet Chess Club"]
[Date "2007.05.12"]
[Round "4"]
[White "bobhill"]
[Black "fledermaus"]
[Result "1-0"]
[WhiteElo "2077"]
[BlackElo "2006"]
[ECO "A48"]
[TimeControl "2700+45"]

1. d4 Nf6 2. Nf3 g6 3. Bg5 Bg7 4. Nbd2 d5 5. e3 O-O 6. Be2 Nbd7 7. c4 dxc4 8.
Nxc4 c6 9. O-O Nb6 10. Ncd2 Re8 11. h3 Qd5 12. a4 a5 13. Bxf6 Bxf6 14. e4 Qd8
15. Nc4 Be6 16. Ne3 Qb8 17. e5 Bg7 18. Ng5 Qc8 19. Nxe6 fxe6 20. Qb3 Nd5 21.
Rac1 Bh6 22. Bg4 Qd7 23. Nxd5 cxd5 24. Rc5 Rec8 25. Rxd5 Qxd5 26. Bxe6+ Qxe6 27.
Qxe6+ Kf8 28. d5 Rd8 29. d6 exd6 30. exd6 Bg5 31. f4 {Black resigns} 1-0

[Event "Team 45 45 League T33"]
[Site "Internet Chess Club"]
[Date "2007.05.13"]
[Round "4"]
[White "jorobo"]
[Black "Thestorm"]
[Result "1-0"]
[WhiteElo "2174"]
[BlackElo "2107"]
[ECO "A29"]
[TimeControl "2700+45"]

1. c4 e5 2. Nc3 Nc6 3. Nf3 Nf6 4. g3 d5 5. cxd5 Nxd5 6. Bg2 Nb6 7. O-O Be7 8.
Rb1 Be6 9. b4 e4 10. Nxe4 Bxa2 11. Ra1 Nxb4 12. Bb2 Bd5 13. Nd4 Qd7 14. Qb1 O-O
15. Rc1 Nc4 16. Bc3 a5 17. Nf5 Qxf5 18. Nf6+ Qxf6 19. Bxf6 Bxf6 20. Bxd5 Nxd2
21. Qf5 Bxa1 22. Rxa1 c6 23. Bg2 b5 24. h4 Rfd8 25. h5 Nb3 26. Rb1 Nd4 27. Qg4
f5 28. Qg5 Nxe2+ 29. Kf1 h6 30. Qg6 Nd4 31. Re1 Kf8 32. g4 fxg4 33. Re4 Nf3 34.
Bxf3 gxf3 35. Rf4+ Kg8 36. Rxf3 Ra7 37. Rg3 a4 38. Qxh6 Re7 39. Qg5 Nd5 40. h6
Rde8 41. hxg7 Re1+ 42. Kg2 R1e6 43. Qh4 Nf6 44. Qh8+ Kf7 45. Rf3 Rg8 46. Rg3 b4
47. Qh6 c5 48. Qg6+ Ke7 49. Qf5 Rc6 50. Qf3 Re6 51. Qf5 Nd7 52. Qg5+ Kd6 53.
Rd3+ Kc7 54. Qf4+ Ne5 55. Rd5 Rxg7+ 56. Kf1 Kb6 57. Rxe5 Rxe5 58. Qxe5 Rg6 59.
Qb8+ Ka5 60. Qa7+ Kb5 61. Ke2 Re6+ 62. Kd2 Rd6+ 63. Kc2 Ra6 64. Qd7+ Rc6 65. f4
a3 66. f5 a2 67. Kb2 Kb6 68. Kxa2 Rc7 69. Qd8 c4 70. f6 b3+ 71. Kb2 Kc6 72. Qe8+
Kc5 73. Qe5+ Kb6 74. Qxc7+ {Black resigns} 1-0

[Event "Team 45 45 League T33"]
[Site "Internet Chess Club"]
[Date "2007.05.12"]
[Round "4"]
[White "Pawnster"]
[Black "RONENOSH9"]
[Result "1/2-1/2"]
[WhiteElo "2189"]
[BlackElo "2174"]
[ECO "A47"]
[TimeControl "2700+45"]

1. d4 Nf6 2. Nf3 b6 3. Bf4 Bb7 4. e3 e6 5. Nbd2 Bd6 6. Bxd6 cxd6 7. Bd3 O-O 8.
O-O d5 9. Ne5 d6 10. Ng4 Nbd7 11. Nxf6+ Nxf6 12. c3 Qc8 13. Rc1 Ba6 14. c4 Qd7
15. Qe2 Rfc8 16. b3 Rc7 17. cxd5 Bxd3 18. Qxd3 Nxd5 19. Rxc7 Qxc7 20. Qc4 Rc8
21. Rc1 {Game drawn by mutual agreement} 1/2-1/2